 Dungeon Crawl Stone Soup version 0.24-a0-479-g9a978d2 (webtiles) character file.

Game seed: 1900970550980145317

325 silentkaos13 the Covered (level 6, -5/48 HPs)
             Began as a Demonspawn Wanderer on July 9, 2019.
             Killed by divine providence
             ... invoked by an orc priest
              (14 damage)
             ... on level 4 of the Dungeon.
             The game lasted 00:07:57 (3652 turns).

silentkaos13 the Covered (Demonspawn Wanderer)      Turns: 3652, Time: 00:08:03

Health: -5/48      AC:  6    Str: 20    XL:     6   Next: 24%
Magic:  6/6        EV: 11    Int: 12    God:
Gold:   104        SH:  4    Dex: 13    Spells: 5/5 levels left

rFire    . . .     SeeInvis .   a - +2 mace
rCold    . . .     Gourm    .   (no shield)
rNeg     . . .     Faith    .   c - +0 ring mail
rPois    .         Spirit   .   (helmet restricted)
rElec    .         Reflect  .   (no cloak)
rCorr    .         Harm     .   (no gloves)
MR       .....                  (no boots)
Stlth    +.........             (no amulet)
HPRegen  0.16/turn              (no ring)
MPRegen  0.10/turn              (no ring)

@: mighty, lethally poisoned (-5 -> -6)
A: horns 2, large bone plates 1
a: no special abilities


You were on level 4 of the Dungeon.
You were not hungry.

You visited 1 branch of the dungeon, and saw 4 of its levels.

You collected 104 gold pieces.

Inventory:

Hand Weapons
 a - a +2 mace (weapon)
 m - a +0 mace
Armour
 c - a +0 ring mail (worn)
 j - a +0 cloak
 q - a +0 plate armour
Jewellery
 e - an uncursed ring of protection from fire {unknown}
 k - an uncursed ring of see invisible {unknown}
Scrolls
 g - a scroll of random uselessness {unknown}
 h - 3 scrolls of fear {unknown}
 l - a scroll of remove curse {unknown}
 p - 2 scrolls of enchant armour {unknown}
 r - 2 scrolls of identify {unknown}
 t - a scroll of magic mapping {unknown}
Potions
 b - a potion of lignification
 f - a potion of cancellation {unknown}
 i - a potion of resistance {unknown}
 n - a potion of agility {unknown}
 o - 3 potions of might
 s - a potion of haste {unknown}
Comestibles
 d - 4 rations


   Skills:
 + Level 3.6 Fighting
 + Level 3.3 Maces & Flails
 + Level 5.1 Armour
 + Level 1.7 Dodging
 - Level 1.2 Stealth
   Level 1.0 Evocations


You had 5 spell levels left.
You didn't know any spells.
Your spell library was empty.

Dungeon Overview and Level Annotations

Branches:
Dungeon (4/15)
 Temple: D:4-7

Altars:
Nemelex Xobeh
Okawaru


Innate Abilities, Weirdness & Mutations

You have a pair of horns on your head.
You are partially covered in large bone plates. (SH +4)


Message History

Beogh smites you!
* * * LOW HITPOINT WARNING * * *
The ooze misses you.
You feel much better.
You feel sick. Something hits you but does no damage.
You block the orc's attack. Something hits you but does no damage.
The ooze misses you.
You sock the ooze!
You kill the ooze!
Something hits you but does no damage. You block the orc's attack.
You hear some strange, mumbled words.
A puff of flame appears from out of thin air!
The puff of flame hits you!
* * * LOW HITPOINT WARNING * * *
It was a potion of might.
You feel very mighty all of a sudden. The orc closely misses you.
Something completely misses you. You block the orc's attack.
The orc priest mumbles some strange prayers to Beogh against you.
Beogh smites you!
You die...

#### #.#...#
#..# ##
#.....##
#...
##......#
#...
##.......#
#....
##.......##
#.......##
#......##
##..#..#
####.@# #oo#
...o.
........
....>......
#........#.#
#........#.#
.......... #


You could see an orc priest and 2 orcs.

Vanquished Creatures
  A scorpion (D:4)
  A bullfrog skeleton (D:4)
  Terence (D:3)
  Natasha (twice) (D:3)
  10 adders
  An ooze (D:4)
  4 worms
  A dart slug (D:4)
  3 leopard geckos
  2 orcs (D:4)
  2 ball pythons (D:3)
  5 bats
  3 giant cockroaches
  7 goblins
  7 hobgoblins
  4 jackals
  A quokka (D:3)
  4 frilled lizards
  6 kobolds
  7 rats
72 creatures vanquished.

Notes
Turn   | Place    | Note
-------+----------+-------------------------------------------
     0 | D:1      | silentkaos13 the Demonspawn Wanderer began the quest for
                  | the Orb.
     0 | D:1      | silentkaos13 set off with the following items: a +2 mace, a
                  | potion of lignification, a +0 ring mail, a ration
     0 | D:1      | Reached XP level 1. HP: 18/18 MP: 1/1
   212 | D:1      | Reached skill level 4 in Armour
   227 | D:1      | Gained mutation: You have a pair of small horns on your
                  | head. [demonic ancestry]
   227 | D:1      | Reached XP level 2. HP: 24/24 MP: 2/2
   595 | D:1      | Found an iron altar of Okawaru.
   785 | D:1      | Gained mutation: You have a pair of horns on your head.
                  | [demonic ancestry]
   785 | D:1      | Reached XP level 3. HP: 29/29 MP: 3/3
  1700 | D:2      | Reached XP level 4. HP: 35/35 MP: 4/4
  2636 | D:3      | Reached skill level 1 in Dodging
  2793 | D:3      | Noticed Natasha
  2802 | D:3      | Killed Natasha
  2802 | D:3      | Reached XP level 5. HP: 24/41 MP: 5/5
  2993 | D:3      | Noticed Natasha
  3001 | D:3      | Killed Natasha
  3411 | D:3      | Noticed Terence
  3423 | D:3      | Killed Terence
  3423 | D:3      | Reached skill level 5 in Armour
  3532 | D:4      | Found a sparkling altar of Nemelex Xobeh.
  3644 | D:4      | Gained mutation: You are partially covered in large bone
                  | plates. (SH +4) [demonic ancestry]
  3644 | D:4      | Reached XP level 6. HP: 22/47 MP: 6/6
  3649 | D:4      | HP: 1/48 [orc priest/divine providence (11)]
  3652 | D:4      | Killed from afar by an orc priest

Levels and vault maps discovered:
D:1:      elethiomel_arrival_shortcut, layout_basic,
          kennysheep_decorative_pillar, okawaru_ov_weapons_minmay
D:2:      layout_loops_ring
D:3:      layout_basic, uniq_terence, uniq_natasha
D:4:      layout_cave_pods, nemelex_xobeh_ov_fountains_minmay,
          minmay_temple_entry_from_below_b, st_stairs_5, cheibriados_altar_1

Skill      XL: |  1  2  3  4  5 |
---------------+----------------+-----
Armour         | 4 5 |  5.1
Maces & Flails | 2 3 |  3.3
Dodging        | 1 |  1.7
Fighting       | |  3.6
Stealth        | |  1.2
Evocations     | |  1.0

Action                   |  1- 3 |  4- 6 || total
-------------------------+-------+-------++-------
Melee: Mace              |    99 |   117 ||   216
       Headbutt          |    10 |    21 ||    31
  Use: Potion            |       |     3 ||     3
 Stab: Sleeping          |     1 |       ||     1
  Eat: Chunk             |     2 |     4 ||     6
       Ration            |       |     1 ||     1
Armor: Ring mail         |    55 |    62 ||   117
Dodge: Dodged            |    63 |    71 ||   134
Block: Other             |       |     3 ||     3

Table legend:
 A = Non-vault XP
 B = Vault XP
 C = Vault XP percentage of total XP
 D = Non-vault monster count
 E = Vault monster count
 F = Vault count percentage of total count
                 A         B        C        D         E       F
            +---------+---------+-------+---------+---------+-------
      Total |     308 |     157 |  33.8 |      67 |       5 |   6.9
            +---------+---------+-------+---------+---------+-------
        D:1 |      42 |       0 |   0.0 |      26 |       0 |   0.0
        D:2 |      68 |       0 |   0.0 |      13 |       0 |   0.0
        D:3 |     151 |      71 |  32.0 |      24 |       2 |   7.7
        D:4 |      47 |      86 |  64.7 |       4 |       3 |  42.9
            +---------+---------+-------+---------+---------+-------
